montu, chaotic male human Wizard ----- --------- |<..--- ------.......-- --------------- |.....---|.....[..)--..| |.............| --..|....|.---------|..| - ---+--.----+- --.|-.....---- ---- ------ --.| --|.........|--- ----- -+- |.@')| ---+-..--- ----.|....|..----...-- |.| |..|.| ---+-. --........--+- -----..|....|.....---- |.| |..|.| --...... ..............| ------ |..|.............---.-- ---|.. |....... --------+--..-- |%%%`| --......---...........----- |.| |...{... |.)-- |....| |........|...|...........-- |.| --...... |...| ---|--------....-------...---......-|.|------....- ------...| ------.---...-....-|..|..|-...|..---...|.--..|...|.. |.......- |..|-.........|..--|..|..|--.....|-....|........-- |.------ |..-...............-|---|-----..-|......)...--... |.| -----.....{....----...............|...`.......|-...|. |.| |..............-- --+--.---------.........--..|...... |%--|-- -+-----.........| |.|.(((| --.......-----|...|... ---------.....| --..------- |.-.(((| ---...--- --..|...--......|...{..+ ---- --|.(((| ----- -----.....----........| ------ ------- ---------- montu the Thaumaturge Experience level: 6 Strength: 10 Dexterity: 9 Constitution: 16 Intelligence: 18 Wisdom: 12 Charisma: 11 Health: 0(64) Energy: 42(50) Def: 1 Gold: 137 Moves: 2169 Dungeon seed: AgAJjEmCPMg7xSJ2 Game ID: montu_1704206385 Your Inventory: Coins $ - 137 gold pieces Weapons a - a blessed +1 quarterstaff H - the uncursed +0 Mjollnir (weapon in hand) J - an uncursed +0 dagger of searching Armor e - an uncursed +0 cloak of magic resistance (being worn) Comestibles j - 4 uncursed food rations Scrolls D - a cursed scroll of identify I - an uncursed scroll of enchant weapon Spellbooks k - an uncursed spellbook of summoning E - an uncursed spellbook of magic missile Potions B - an uncursed potion of monster detection K - an uncursed potion of extra healing Rings F - an uncursed +4 ring of adornment Wands b - an uncursed wand of striking (0:0) m - an uncursed wand of undead turning (0:5) L - an uncursed wand of summoning (0:0) Tools h - an uncursed blindfold t - an uncursed brass lantern (0:1450) A - an uncursed tin opener M - a cursed tallow candle (0:200) Gems n - an uncursed worthless piece of orange glass q - 2 uncursed jasper stones r - an uncursed worthless piece of blue glass y - an uncursed worthless piece of white glass z - an uncursed luckstone N - 3 uncursed worthless pieces of yellow glass Y - an uncursed worthless piece of violet glass Spells and supernatural/magical abilities: Name Level Category Cost Memory a - force bolt 1 attack 8pw 97% c - cause fear 3 enchantment 25pw 97% e - charm monster 3 enchantment 25pw 97% m - magic missile 2 attack 16pw 97% u - confuse monster 2 enchantment 16pw 99% W - pray for help -- divine ? -- Your skills at the end: Fighting Skills wands [Basic] Weapon Skills quarterstaff [Basic] Spellcasting Skills attack spells [Basic] enchantment spells [Basic] Final Attributes: You were piously aligned. You were magic resistant. You were held by a rope golem. You were lucky. You had extra luck. Bad luck did not time out for you. Good luck did not time out for you. Anhur was noncommittal. You are dead. Vanquished creatures: a dust vortex a snake a rock mole 5 gnome lords 3 gnomish wizards 6 dwarves a kobold lord a rabid rat a gas spore 2 hobbits a cave spider a green mold a red mold 16 gnomes a garter snake 3 jackals 2 sewer rats 2 lichens 49 creatures vanquished. Voluntary challenges: You were an atheist. You used a wielded weapon 67 times, starting on turn 88. You read items or engraved 3 times, starting on turn 882. You never genocided any monsters. You never polymorphed an object. You never changed form. You used no wishes. You never split a pudding. You never wrote Elbereth's name. You never violated your personal moral code. Dungeon overview: The Dungeons of Doom: levels 1 to 2 Level 1 a long staircase Level 2 a general store, a fountain stairs to The Gnomish Mines The Gnomish Mines: levels 3 to 6 Level 3 stairs to The Dungeons of Doom Level 4 Level 6 <- You were here some shops, some fountains History has recorded: On T:1 you entered the Dungeons of Doom to retrieve the Amulet of Yendor! On T:274 you reached level 2 of The Dungeons of Doom. On T:909 you reached level 1 of The Gnomish Mines. On T:922 you advanced to experience level 2. On T:931 you advanced to experience level 3. On T:975 you advanced to experience level 4. On T:1335 you reached level 2 of The Gnomish Mines. On T:1373 you advanced to experience level 5. On T:1583 you reached level 4 of The Gnomish Mines. On T:1855 you advanced to experience level 6. Score breakdown: Gold: 137 ( 7279 points) Experience: 6 levels (12456 points) Exploration: 6 levels ( 11.76%) ( 9486 points) Discoveries: 6 items ( 2.01%) ( 4256 points) Valuables value: (no points given unless you survive) Artifact value: 4000 (12253 points) Variety of kills: 18 monsters ( 4.74%) ( 6529 points) Turncount: 2169 turns ( -120 points) Survival: died (score multiplied by 80%) Total score: 41711 Latest messages: The massive hammer hits! Lightning strikes the gnome lord! You kill the gnome lord! L - a wand of summoning. There are a few more objects here. This gnome lord corpse tastes terrible! You finish eating the gnome lord corpse. [14 turns] M - a tallow candle. You stop exploring. A rope golem blocks your way. The rope golem hits! (2x) You miss the rope golem. The rope golem hits! (2x) The massive hammer hits! Lightning strikes the rope golem! You miss the rope golem. The rope golem hits! (2x) The force bolt hits the rope golem! The rope golem hits! (2x) The rope golem grabs you! You die... Final status: Goodbye montu the Wizard, killed by a rope golem... You died in The Gnomish Mines on dungeon level 6 with 41711 points, and 137 pieces of gold, after 2169 moves. You were level 6 with a maximum of 64 hit points when you died.